 Dungeon Crawl Stone Soup version 0.27-a0-1272-g7c8ad2e407 (webtiles) character file.

Game seed: 11997307958889058799

35 Froggeryz the Chopper (level 3, 0/27 HPs)
             Began as a Demonspawn Gladiator on June 11, 2021.
             Slain by a gnoll
             ... wielding a +0 club
              (4 damage)
             ... on level 2 of the Dungeon.
             The game lasted 00:02:08 (1397 turns).

Froggeryz the Chopper (Demonspawn Gladiator)        Turns: 1397, Time: 00:02:08

Health: 0/27       AC:  6    Str: 15    XL:     3   Next: 17%
Magic:  3/3        EV: 11    Int:  9    God:
Gold:   19         SH:  0    Dex: 14    Spells: 2/2 levels left

rFire    . . .     SeeInvis .   a - +0 war axe
rCold    . . .     Faith    .   (no shield)
rNeg     . . .     Spirit   .   g - +0 ring mail
rPois    .         Reflect  .   c - +0 helmet
rElec    .         Harm     .   (no cloak)
rCorr    .         Rampage  .   (no gloves)
Will     .....                  (no boots)
Stlth    +.........             (no amulet)
HPRegen  0.09/turn              (no ring)
MPRegen  0.08/turn              (no ring)

@: no status effects
A: powered by pain 1
a: no special abilities


You were on level 2 of the Dungeon.
You visited 1 branch of the dungeon, and saw 2 of its levels.

You collected 44 gold pieces.
You spent 25 gold pieces at shops.

Inventory:

Hand Weapons
 a - a +0 war axe (weapon)
Missiles
 d - 3 throwing nets
 h - 5 boomerangs (quivered)
Armour
 c - a +0 helmet (worn)
 g - a +0 ring mail (worn)
Jewellery
 i - a ring of flight
Scrolls
 e - a scroll of amnesia {unknown}
 j - 2 scrolls of teleportation {unknown}
Potions
 b - a potion of mutation {unknown}
 f - a potion of degeneration {unknown}


   Skills:
 - Level 2.0 Fighting
 * Level 3.8 Axes
 + Level 2.0 Throwing
 - Level 2.6 Dodging


You had 2 spell levels left.
You didn't know any spells.
Your spell library was empty.

Dungeon Overview and Level Annotations

Branches:
Dungeon (2/15)

Altars:

Shops:
D:1 *


Innate Abilities, Weirdness & Mutations

You sometimes gain a little power by taking damage.


Message History

The worm bites you but does no damage.
You hit the worm.
The worm is heavily wounded.
The worm bites you but does no damage.
You hit the worm.
The worm is severely wounded.
The worm closely misses you.
You slash the worm!
You kill the worm!
No target in view!
HP restored.
You now have 19 gold pieces (gained 3).
A hobgoblin and a gnoll come into view.
The gnoll shouts!
The hobgoblin shouts!
You hear a shout!
There are monsters nearby!
There are monsters nearby!
A gnoll comes into view. It is wielding a +0 club.
The gnoll shouts!
A gnoll comes into view. It is wielding a +0 spear.
Found a smoky emerald potion.
The gnoll shouts!
Found a leather armour.
You hit the hobgoblin.
The hobgoblin is almost dead.
The hobgoblin hits you.
The gnoll hits you from afar with a +0 spear.
You closely miss the hobgoblin.
The hobgoblin is almost dead.
The hobgoblin barely misses you.
The gnoll hits you from afar with a +0 spear.
The hobgoblin hits you but does no damage.
You slash the hobgoblin!
You kill the hobgoblin!
The gnoll hits you from afar with a +0 spear. x2
* * * LOW HITPOINT WARNING * * *
The gnoll hits you with a +0 club.
* * * LOW HITPOINT WARNING * * *
The gnoll hits you but does no damage. The gnoll misses you.
The gnoll hits you with a +0 club.
You die...

#.....# #..# +#
.. #.....# #..#
..# #.....# #..#
.# ###.#.# #..# #
#.#.# ...+
...####.#.###..#.
.................
.................
...####.#@##.....
.. #.g........
###.######!


gg. #.... #....[ ....... #....... ......... You could see 3 gnolls.

Vanquished Creatures
  2 worms (D:2)
  A giant cockroach (D:1)
  2 goblins (D:1)
  4 hobgoblins
  9 jackals
  2 ball pythons (D:1)
  4 bats (D:1)
  2 frilled lizards (D:1)
  A kobold (D:2)
27 creatures vanquished.

Notes
Turn   | Place    | Note
-------+----------+-------------------------------------------
     0 | D:1      | Froggeryz the Demonspawn Gladiator began the quest for the
                  | Orb.
     0 | D:1      | Reached XP level 1. HP: 16/16 MP: 1/1
    37 | D:1      | Reached skill level 3 in Axes
    43 | D:1      | Gained mutation: You sometimes gain a little power by
                  | taking damage. [demonic ancestry]
    43 | D:1      | Reached XP level 2. HP: 8/22 MP: 2/2
   347 | D:1      | Found Axzar's Assorted Antiques.
  1189 | D:1      | Bought a scroll labelled CACLEGHUITUA for 25 gold pieces
  1225 | D:2      | Reached XP level 3. HP: 14/27 MP: 3/3
  1397 | D:2      | Slain by a gnoll

Illustrated notes

Levels and vault maps discovered:
D:1:      erik_arrival_cave_to_civilisation [erik_arrival_cave_to_hall],
          layout_loops_ring, serial_shops, shop
D:2:      layout_basic, shapermc_ecumenical_altar_mp_vishouse

Skill      XL: |  1  2 |
---------------+-------+-----
Axes           | 3 |  3.8
Throwing       | 2 |  2.0
Fighting       | |  2.0
Dodging        | |  2.6

Action                   || total
-------------------------++-------
Melee: War axe           ||    85
Throw: Boomerang         ||     4
Armor: Leather armour    ||    12
       Ring mail         ||    32
Dodge: Dodged            ||    75

Table legend: (Time is in decaauts)
 A = Elapsed time spent in this place.
 B = Non-inter-level travel time spent in this place.
 C = Inter-level travel time spent in this place.
 D = Time resting spent in this place.
 E = Time spent auto-exploring this place.
 F = Levels seen in this place.
 G = Mean time per level.
                   A        B        C        D        E       F      G
               +--------+--------+--------+--------+--------+-----+--------+
         Total |   1426 |   1360 |     66 |    267 |    897 |   2 |  713.0 |
       Dungeon |   1426 |   1360 |     66 |    267 |    897 |   2 |  713.0 |
               +--------+--------+--------+--------+--------+-----+--------+

Top non-repeatable levels by time:
     D:1: 1215 daAuts
     D:2: 211 daAuts
